 Dungeon Crawl Stone Soup version 0.16-a0-2896-gd83f56c (webtiles) character file.

340 stonewall the Skirmisher (level 6, -10/50 HPs)
             Began as a Mummy Arcane Marksman on Dec 1, 2014.
             Was an Initiate of Trog.
             Killed from afar by a gnoll (16 damage)
             ... with a wand of lightning
             ... on level 5 of the Dungeon.
             The game lasted 00:10:13 (4890 turns).

stonewall the Skirmisher (Mummy Arcane Marksman)    Turns: 4890, Time: 00:10:13

Health: -10/50     AC: 15    Str: 15    XL:     6   Next: 30%
Magic:  8/8        EV:  5    Int: 12    God:    Trog [......]
Gold:   165        SH:  0    Dex: 12    Spells: 1 memorised, 6 levels left

rFire  x . .     SeeInvis .     e - +0 dagger (venom)
rCold  + . .     Clarity  .     h - +0 chain mail
rNeg   + + +     SustAb   .     (no shield)
rPois  ∞         Gourm    .     (no helmet)
rElec  .         Spirit   .     (no cloak)
rCorr  .         Warding  .     (no gloves)
rMut   .         Stasis   .     l - +1 pair of boots
MR     .....                    (no amulet)
Stlth  ..........               r - +5 ring of protection
                                (no ring)

@: not resistant to hostile enchantments, extremely unstealthy
A: no food or potions, fire vulnerability, restore body, cold resistance 1,
negative energy resistance 3, poison resistance, torment resistance, unbreathing
a: Burn Spellbooks, Renounce Religion


You were on level 5 of the Dungeon.
You worshipped Trog.
Trog was noncommittal.
You were not hungry.

You visited 2 branches of the dungeon, and saw 7 of its levels.

You collected 165 gold pieces.

Inventory:

Hand weapons
 b - a +1 hunting sling
 c - a +0 war axe
 e - a +0 dagger of venom (weapon)
Missiles
 f - 69 stones (quivered)
 m - 2 curare-tipped needles
 n - 4 sling bullets
Armour
 a - a +0 robe
 h - a +0 chain mail (worn)
 l - a +1 pair of boots (worn)
Jewellery
 k - an uncursed ring of ice
 r - a +5 ring of protection (right hand)
Scrolls
 g - a scroll of teleportation
 j - a scroll of fog {unknown}
 o - a scroll of identify {unknown}
 p - 2 scrolls of recharging {unknown}
 q - a scroll of remove curse
 s - a scroll of magic mapping {unknown}
Books
 d - a book of Debilitation

   Spells                             Type                      Level
   a - Corona                         Hexes                        1
   b - Slow                           Hexes                        2
   c - Inner Flame                    Hexes/Fire                   3
   d - Enslavement                    Hexes                        4
   e - Cause Fear                     Hexes                        4
   f - Leda's Liquefaction            Hexes/Earth                  4
   Trog disapproves of the use of such an item.


   Skills:
 - Level 4.9 Fighting
 + Level 3.2 Short Blades
 - Level 1.5 Slings
 - Level 1.5 Dodging
 - Level 1.0 Spellcasting
 - Level 2.6 Hexes


You had 6 spell levels left.
You knew the following spells:

 Your Spells              Type           Power        Failure   Level  Hunger
a - Corona                Hex            #......      100%        1    N/A

Dungeon Overview and Level Annotations

Branches:
Dungeon (6/15)             Temple (1/1) D:5

Altars:
Ashenzari
Cheibriados
Dithmenos
Elyvilon
Fedhas
Gozag
Kikubaaqudgha
Makhleb
Okawaru
Qazlal
Ru
Trog
Vehumet
Xom
Yredelemnul
Zin

Annotations:
D:3 exclusion: 2 downstairs
D:4 asdu's ghost, average GrGl
D:5 gabygaby's ghost, experienced GrVM
D:6 Pikel


Innate Abilities, Weirdness & Mutations

You do not eat or drink.
Your flesh is vulnerable to fire.
Your flesh is cold resistant.
You are immune to negative energy.
Your system is resistant to poisons.
You are immune to unholy pain and torment.
You can survive without breathing.


Message History

You climb downwards. 3 jackals, 4 slaves, Pikel and 2 skeletons come into view.
Pikel shouts!
The slave shouts!
The slave shouts!
The slave shouts!
The jackal barks! x3
Found five items.
Found a stone staircase leading down.
There is a stone staircase leading up here.
You climb upwards.
Level annotation: gabygaby's ghost, experienced GrVM
There is a stone staircase leading down here.
Unknown command.
The gnoll hits you but does no damage.
There is a stone staircase leading down here.
The gnoll hits you with a spear.
The gnoll zaps a wand.
The bolt of lightning hits the gnoll.
The gnoll dies!
The bolt of lightning hits you! x2
The gnoll zaps a wand.
The bolt of lightning hits you!
* * * LOW HITPOINT WARNING * * *
The bolt of lightning hits you!
You die...

..........###...##
.#######..# #####
#..# #####..# #
#......# ..
##.###.##
..#.#......#
#.._...###.#
.#...g@.#
#...#.###.# ...
... #># # #.## #.#
.#.#####.#
#.#.......# #.##..
..## #
######.##.###.# ..
...##.##.###.#####


You could see a gnoll.

Vanquished Creatures
  An ogre (D:5)
  An orc priest (D:3)
  2 worker ants
  2 orc wizards (D:4)
  3 adders
  2 worms
  2 giant geckos
  An ooze (D:1)
  12 orcs
  3 ball pythons
  A bat skeleton (D:4)
  5 giant cockroaches
  8 goblins
  7 hobgoblins
  3 kobolds
  4 bats
  3 giant newts
  A jackal zombie (D:5)
  7 rats
68 creatures vanquished.

Vanquished Creatures (others)
  An adder (D:5)
  A gnoll (D:5)
2 creatures vanquished.

Grand Total: 70 creatures vanquished

Notes
Turn   | Place    | Note
--------------------------------------------------------------
     0 | D:1      | stonewall, the Mummy Arcane Marksman, began the quest for the Orb.
     0 | D:1      | Reached XP level 1. HP: 15/15 MP: 2/2
   133 | D:1      | Reached XP level 2. HP: 22/22 MP: 3/3
   850 | D:2      | Reached skill level 3 in Fighting
   869 | D:2      | Reached XP level 3. HP: 29/29 MP: 4/4
  1821 | D:3      | Reached XP level 4. HP: 33/37 MP: 5/5
  1828 | D:3      | Reached skill level 4 in Fighting
  1836 | D:3      | Found a glowing silver altar of Zin.
  2049 | D:4      | Noticed an orc warrior
  2199 | D:4      | Reached XP level 5. HP: 43/43 MP: 7/7
  2213 | D:4      | Noticed asdu's ghost (average GrGl)
  2557 | D:5      | Entered Level 5 of the Dungeon
  2590 | D:5      | Found a burning altar of Makhleb.
  2657 | D:4      | Reached skill level 1 in Short Blades
  3800 | D:5      | Noticed an ogre
  3822 | D:5      | Killed an ogre
  3822 | D:5      | Reached XP level 6. HP: 34/50 MP: 8/8
  3928 | D:5      | Found a staircase to the Ecumenical Temple.
  4004 | Temple   | Entered the Ecumenical Temple
  4050 | Temple   | Became a worshipper of Trog the Wrathful
  4137 | D:5      | Noticed gabygaby's ghost (experienced GrVM)
  4873 | D:5      | Found an opulent altar of Gozag.
  4884 | D:6      | Noticed Pikel
  4890 | D:5      | Killed from afar by a gnoll

Action                   |  1- 3 |  4- 6 || total
-------------------------+-------+-------++-------
Melee: Dagger            |       |   107 ||   107
       War axe           |       |    34 ||    34
 Fire: Hunting sling     |   199 |    36 ||   235
  Use: Scroll            |       |     3 ||     3
